 Dungeon Crawl Stone Soup version 0.18.1-1-g2f07953 (webtiles) character file.

29924 4thArraOfDagon the Carver (level 13, -14/80 HPs)
             Began as a Tengu Assassin on May 7, 2016.
             Was an Elder of Makhleb.
             Killed from afar by an orc sorcerer (31 damage)
             ... with a bolt of fire
             ... while paralysed by an orc sorcerer
             ... on level 2 of the Orcish Mines.
             The game lasted 01:28:07 (12353 turns).

4thArraOfDagon the Carver (Tengu Assassin)         Turns: 12353, Time: 01:28:08

Health: -14/80     AC: 13    Str: 13    XL:     13   Next: 48%
Magic:  20/20      EV:  2    Int: 17    God:    Makhleb [****..]
Gold:   954        SH:  0    Dex: 23    Spells: 2 memorised, 11 levels left

rFire  . . .     SeeInvis .     a - +1 scimitar (freeze)
rCold  . . .     Gourm    .     s - +0 ring mail "Tyops" {+Blink rPois Dex+4}
rNeg   . . .     Faith    .     (no shield)
rPois  +         Spirit   .     H - +2 hat
rElec  .         Dismiss  .     x - +2 cloak {+Inv}
rCorr  .         Reflect  .     Q - +0 pair of gloves
SustAt .         Harm     .     (boots unavailable)
MR     .....     Clarity  +     V - amulet of regeneration
Stlth  ++........               z - +5 ring of dexterity
                                X - +4 ring of evasion

@: paralysed, drained, not resistant to hostile enchantments, unstealthy
A: beak, talons 3, slimy green scales 1, clarity, clumsy 1, low mp 1, screaming
1, strong 1, wild magic 1, able to fly 1
a: Fly, Minor Destruction, Lesser Servant of Makhleb, Major Destruction,
Renounce Religion, Evoke Blink, Evoke Invisibility


You were on level 2 of the Orcish Mines.
You worshipped Makhleb.
Makhleb was greatly pleased with you.
You were not hungry.

You visited 2 branches of the dungeon, and saw 17 of its levels.
You also visited: Bailey.

You collected 1476 gold pieces.
You spent 522 gold pieces at shops.

Inventory:

Hand Weapons
 a - a +1 scimitar of freezing (weapon)
 b - a +0 blowgun
 F - a +3 great sword
 U - a +2 short sword of speed
Missiles
 e - 33 poisoned needles
 S - 9 throwing nets (quivered)
Armour
 l - a +2 robe of magic resistance
 m - a troll hide
 s - the +0 ring mail "Tyops" (worn) {+Blink rPois Dex+4}
   (You took it off a gnoll shaman in a bailey)

   It affects your dexterity (+4).
   It protects you from poison.
   It lets you blink.
 x - a +2 cloak of invisibility (worn)
 H - a +2 hat (worn)
 Q - a +0 pair of gloves (worn)
Magical Staves
 O - an uncursed staff of summoning {!a}
Jewellery
 i - an uncursed ring of see invisible
 y - an uncursed amulet of the gourmand
 z - a +5 ring of dexterity (right hand)
 E - an uncursed ring of fire
 M - the ring "Zuroom" {rC+ Int+3 Dex+2}
   (You found it on level 12 of the Dungeon)

   [ring of protection from cold]

   It affects your intelligence (+3).
   It affects your dexterity (+2).
   It protects you from cold.
 V - an amulet of regeneration (around neck)
 X - a +4 ring of evasion (left hand)
Wands
 n - a wand of random effects (26/48)
 N - a wand of iceblast (0/15)
 P - a wand of heal wounds (8/9)
 R - a wand of enslavement (7/24)
 T - a wand of slowing (0/48)
 Z - a wand of polymorph (15/24)
Scrolls
 k - a scroll of immolation
 o - a scroll of teleportation
 p - 3 scrolls of remove curse
 r - a scroll of noise
 v - 3 scrolls of enchant armour
 D - 2 scrolls of recharging
 Y - a scroll of brand weapon
Potions
 t - a potion of might
 w - a potion of agility
 A - a potion of resistance
 B - a potion of magic
 C - 2 potions of cure mutation
 G - a potion of cancellation
 J - 5 potions of haste
 L - a potion of ambrosia
 W - 2 potions of curing
Books
 f - an Akashic Record

   Spells                             Type                      Level
   a - Dispersal                      Translocation                6
   b - Malign Gateway                 Summoning/Translocation      7
   c - Disjunction                    Translocation                8
   d - Controlled Blink               Translocation                8
 j - a book of Dreams

   Spells                             Type                      Level
   a - Ensorcelled Hibernation        Hexes/Ice                    2
   b - Silence                        Hexes/Air                    5
   c - Darkness                       Hexes                        6
   d - Shadow Creatures               Summoning                    6
 q - a book of Maledictions

   Spells                             Type                      Level
   a - Corona                         Hexes                        1
   b - Ensorcelled Hibernation        Hexes/Ice                    2
   c - Confuse                        Hexes                        3
   d - Tukima's Dance                 Hexes                        3
   e - Dazzling Spray                 Conjuration/Hexes            3
 I - a book of Fire

   Spells                             Type                      Level
   a - Ignite Poison                  Fire/Transmutation/Poison    3
   b - Fireball                       Conjuration/Fire             5
   c - Bolt of Fire                   Conjuration/Fire             6
   d - Delayed Fireball               Conjuration/Fire             7
   e - Ring of Flames                 Charms/Fire                  7
Miscellaneous
 d - a plain deck of defence
Comestibles
 g - 10 bread rations
 h - 5 meat rations


   Skills:
 + Level 9.3(8.9) Fighting
 - Level 2.1(8.7) Short Blades
 * Level 13.4(13.0) Long Blades
 - Level 2.0(1.6) Throwing
 + Level 9.8(9.3) Dodging
 - Level 4.0(3.6) Stealth
 - Level 2.0(1.6) Spellcasting
 - Level 2.8(2.4) Hexes
 - Level 3.5(3.1) Ice Magic
 - Level 11.2(10.7) Invocations
 + Level 1.3(0.9) Evocations


You had 11 spell levels left.
You knew the following spells:

 Your Spells              Type           Power        Failure   Level  Hunger
a - Ensorcelled Hibernat  Hex/Ice        ##....       32%         2    ###....
b - Confuse               Hex            ##......     67%         3    ####...


Dungeon Overview and Level Annotations

Branches:
Dungeon (15/15)            Temple (0/1) D:5            Lair (0/8) D:11
    Orc (2/2) D:11         Vaults (0/5) D:13         Depths (0/5) D:15
    Elf: Orc:2

Altars:
Ashenzari
Cheibriados
Elyvilon
Fedhas
Kikubaaqudgha
Makhleb
Pakellas
Qazlal
Sif Muna
Vehumet
Xom
The Shining One

Shops:
D:6 :   D:7 !   D:8 *??   Orc:2 ![

Annotations:
D:3 exclusion: jelly
D:6 Prince Ribbit
D:13 Donald, Norris
D:14 Frances


Innate Abilities, Weirdness & Mutations

You have a beak for a mouth.
You have claws for feet.
You can fly.
You are partially covered in slimy green scales (AC +2).
You possess an exceptional clarity of mind.
You are clumsy. (Dex -2)
Your magical capacity is low (-10% MP).
You occasionally shout uncontrollably at your foes.
Your muscles are strong. (Str +2)
Your spells are a little harder to cast, but a little more powerful.


Message History

Eat one of 3 chunks of flesh? (ye/n/q/i?) This raw flesh tastes terrible.
You continue eating. x2
Things that are here:
a dagger of venom; a robe; a potion of degeneration You see here a whip.
You see here a giant club.
Things that are here:
a dagger; a robe The orc sorcerer points at you and mumbles some strange words.
The bolt of fire hits you!
A demon appears!
You feel slightly more hungry.
The orc sorcerer gestures at you while chanting.
You suddenly lose the ability to move!
The orc sorcerer points at you and mumbles some strange words.
Helpless, you fail to dodge the bolt of fire.
* * * LOW HITPOINT WARNING * * *
The orc sorcerer casts a spell at you. The bolt of fire hits you!
You die...

#≈≈≈≈.....§..............§
#§≈§≈..3..§...§...........
#≈≈≈≈.o≈≈≈§≈≈§§≈§≈≈≈≈≈§≈..
#≈≈≈.3.≈###############≈..
##≈..))≈##≈.8..∩..8.§##≈..
#≈..8..##≈..)))....≈##..8
#≈.....##§§).).)...≈##)).
#§#'#'###§§§#####...###)#
###..o..@.§≈#####≈....).)
##......3..§§≈≈≈≈≈.......
#≈.8.....................
#≈.#.....................
#§≈#_.....###+++###....._
## ###8..## ##..8## §..##
##... §≈≈## ##§≈≈ ####
####


You could see an orc sorcerer and a friendly ynoxinul.

Vanquished Creatures
  Snorg (Orc:1)
  An ettin (Orc:1)
  A hydra (D:12)
  A centaur warrior (D:14)
  3 unseen horrors
  A deep elf mage (D:12)
  A cyclops (D:14)
  An orc sorcerer (Orc:2)
  A centaur zombie (D:13)
  3 centaur skeletons
  A komodo dragon (D:11)
  3 kobold demonologists
  5 trolls
  A two-headed ogre (D:8)
  A spriggan (D:8)
  2 wraiths
  13 yaks
  11 humans (D:13)
  4 vampire mosquitoes (D:14)
  3 hungry ghosts
  A steam dragon (D:10)
  A hippogriff (D:12)
  A warg (Orc:1)
  A soldier ant (D:14)
  A water moccasin (D:11)
  9 orc warriors
  2 ice beasts
  2 sky beasts
  A black bear (D:9)
  3 phantoms
  7 ogres
  3 necrophages (D:12)
  4 centaurs
  3 crocodiles
  5 big kobolds
  11 giant frogs
  5 gnoll sergeants (Bailey)
  3 scorpions
  6 killer bees (D:12)
  9 wights
  4 howler monkeys
  7 crimson imps
  3 quasits
  A jelly (D:8)
  2 giant frog zombies (D:12)
  8 orc priests
  8 hounds
  6 gnoll shamans (Bailey)
  14 orc wizards
  5 iguanas
  7 worker ants
  A killer bee zombie (D:11)
  A howler monkey zombie (D:7)
  15 gnolls
  13 adders
  4 shadow imps
  2 adder skeletons (D:8)
  A worm (D:3)
  A dart slug (D:1)
  5 giant geckos
  38 orcs
  2 ball pythons (D:3)
  7 bats
  5 giant cockroaches
  5 goblins
  4 hobgoblins
  10 jackals
  9 quokkas
  7 giant newts
  20 kobolds
  A quokka skeleton (D:9)
  9 rats
361 creatures vanquished.

Vanquished Creatures (collateral kills)
  Rupert (D:13)
  An orc warlord (Orc:1)
  Erolcha (Orc:2)
  A centaur warrior (D:14)
  Urug (D:11)
  Nergalle (Orc:2)
  3 skeletal warriors (D:11)
  A wizard (D:14)
  5 orc sorcerers
  A manticore (D:11)
  Psyche (D:10)
  A centaur zombie (D:12)
  A centaur skeleton (D:13)
  A kobold demonologist (D:14)
  2 two-headed ogres
  2 trolls
  A redback (D:13)
  2 humans (D:13)
  3 yaks (D:9)
  A basilisk (D:10)
  A mottled dragon (D:13)
  2 wargs (Orc:1)
  A soldier ant (D:13)
  An ice beast (D:11)
  2 orc warriors (Orc:1)
  A centaur (D:10)
  3 ogres
  5 big kobolds
  A giant frog (D:12)
  3 gnoll sergeants (Bailey)
  A howler monkey (D:9)
  2 wights
  A giant frog zombie (D:9)
  A quasit (D:9)
  A jelly (D:13)
  10 orc wizards
  2 orc priests
  2 hounds
  A worker ant (D:12)
  A hound skeleton (D:11)
  2 gnolls (Bailey)
  11 orcs
  A kobold (D:9)
87 creatures vanquished.

Vanquished Creatures (others)
  An orc wizard (Orc:2)
  A quokka (D:12)
  5 plants
7 creatures vanquished.

Grand Total: 455 creatures vanquished

Notes
Turn   | Place    | Note
--------------------------------------------------------------
     0 | D:1      | 4thArraOfDagon the Tengu Assassin began the quest for the Orb.
     0 | D:1      | Reached XP level 1. HP: 12/12 MP: 2/2
   321 | D:1      | Reached XP level 2. HP: 8/18 MP: 3/3
   690 | D:2      | Found a shimmering altar of Xom.
   692 | D:2      | Found a blossoming altar of Fedhas.
   693 | D:2      | Found a burning altar of Makhleb.
   694 | D:2      | Found a glowing golden altar of the Shining One.
   695 | D:2      | Found an ancient bone altar of Kikubaaqudgha.
   706 | D:2      | Became a worshipper of Makhleb the Destroyer
   840 | D:2      | Reached XP level 3. HP: 22/22 MP: 4/4
   844 | D:2      | Learned a level 2 spell: Ensorcelled Hibernation
   978 | D:1      | Reached * piety under Makhleb
  1377 | D:4      | Found an ancient bone altar of Kikubaaqudgha.
  1573 | D:4      | Reached skill level 1 in Hexes
  1573 | D:4      | Reached skill level 1 in Ice Magic
  1573 | D:4      | Reached XP level 4. HP: 27/27 MP: 4/6
  1582 | D:4      | Reached skill level 1 in Spellcasting
  1587 | D:4      | Gained mutation: You can fly. [Tengu growth]
  1587 | D:4      | Reached XP level 5. HP: 31/31 MP: 4/7
  1860 | D:3      | Reached ** piety under Makhleb
  1881 | D:3      | Reached XP level 6. HP: 36/36 MP: 9/9
  1942 | D:3      | Found a shattered altar of Ashenzari.
  2062 | D:5      | Entered Level 5 of the Dungeon
  2437 | D:5      | Found a deep blue altar of Sif Muna.
  2452 | D:5      | Got a transparent robe
  2463 | D:5      | Identified the cursed +1 robe of an ice cave {rN+ MR- Str+8 Int+2} (You found it on level 5 of the Dungeon)
  2541 | D:5      | Learned a level 3 spell: Confuse
  2719 | D:5      | Found a snail-covered altar of Cheibriados.
  2783 | D:5      | Reached XP level 7. HP: 40/40 MP: 1/11
  2798 | D:5      | Found a radiant altar of Vehumet.
  3007 | D:5      | Found a staircase to the Ecumenical Temple.
  3112 | D:6      | Reached skill level 1 in Long Blades
  3157 | D:6      | Reached skill level 2 in Long Blades
  3261 | D:6      | Reached *** piety under Makhleb
  3274 | D:6      | Found Nenwetosch's Book Shoppe.
  3580 | D:7      | Found Tedau's Distillery.
  3585 | D:7      | Bought a potion of curing for 36 gold pieces
  3585 | D:7      | Bought a potion of mutation for 30 gold pieces
  3585 | D:7      | Bought a potion of invisibility for 96 gold pieces
  3585 | D:7      | Bought a potion of curing for 36 gold pieces
  3585 | D:7      | Bought 2 potions of curing for 72 gold pieces
  3588 | D:7      | Gained mutation: Your magical capacity is low (-10% MP). [potion of mutation]
  3588 | D:7      | Gained mutation: Your muscles are strong. (Str +2) [potion of mutation]
  3588 | D:7      | Gained mutation: You occasionally shout uncontrollably at your foes. [potion of mutation]
  3589 | D:7      | Gained mutation: You possess an exceptional clarity of mind. [potion of mutation]
  3589 | D:7      | Gained mutation: You evolve. [potion of mutation]
  3669 | D:7      | Reached skill level 3 in Long Blades
  3669 | D:7      | Reached skill level 1 in Invocations
  3947 | D:7      | Reached XP level 8. HP: 46/46 MP: 6/10
  4047 | D:7      | Bought a potion of lignification for 36 gold pieces
  4107 | D:6      | Found a stormy altar of Qazlal.
  4132 | D:6      | Noticed Prince Ribbit
  4422 | D:6      | Reached skill level 4 in Long Blades
  4640 | D:8      | Found Axkujoy's General Store.
  4764 | D:8      | Reached skill level 5 in Long Blades
  4841 | D:8      | Found an oddly glowing altar of Pakellas.
  4892 | D:8      | Noticed a spriggan baker
  4908 | D:8      | Found Siffyun's Magic Scroll Boutique.
  4979 | D:8      | Found Xoelijodu's Magic Scroll Emporium.
  5004 | D:8      | Noticed a two-headed ogre
  5053 | D:9      | Reached XP level 9. HP: 52/52 MP: 6/11
  5195 | D:8      | Reached **** piety under Makhleb
  5230 | D:8      | Found an oddly glowing altar of Pakellas.
  5392 | D:8      | Reached skill level 6 in Long Blades
  5508 | D:8      | magipi: go go!
  5513 | D:8      | Reached skill level 5 in Fighting
  5532 | D:8      | magipi: is this a random combo?
  5591 | D:8      | Bought a scroll of enchant armour for 90 gold pieces
  5591 | D:8      | Bought a scroll of teleportation for 36 gold pieces
  5591 | D:8      | 4thArraOfDagon: yea
  5591 | D:8      | 4thArraOfDagon: :/
  5591 | D:8      | 4thArraOfDagon: i hate tengus
  5618 | D:8      | magipi: why?
  5624 | D:8      | Killed a two-headed ogre
  5624 | D:8      | Reached skill level 5 in Invocations
  5685 | D:8      | 4thArraOfDagon: low hp
  5781 | D:9      | Reached skill level 5 in Dodging
  5989 | D:9      | Gained mutation: You are clumsy. (Dex -2) [evolution]
  6014 | D:9      | Reached skill level 7 in Long Blades
  6070 | D:9      | Reached XP level 10. HP: 60/60 MP: 2/14
  6549 | D:9      | Got a steaming chain mail
  6600 | D:9      | Gained mutation: Your spells are a little harder to cast, but a little more powerful. [evolution]
  6638 | D:9      | Identified the +2 chain mail of Anarchy {Str+4} (You found it on level 9 of the Dungeon)
  6680 | D:10     | Entered Level 10 of the Dungeon
  6756 | D:10     | Reached skill level 8 in Long Blades
  6867 | D:10     | Noticed Psyche
  6879 | D:10     | Killed Psyche
  7201 | D:11     | Noticed a manticore
  7250 | D:11     | 4thArraOfDagon: bbl
  7262 | D:11     | Found a staircase to the Orcish Mines.
  7299 | D:11     | Noticed a kobold demonologist
  7331 | D:11     | Reached skill level 9 in Long Blades
  7356 | D:11     | Killed a kobold demonologist
  7380 | D:11     | Noticed a skeletal warrior
  7381 | D:11     | Noticed a skeletal warrior
  7381 | D:11     | Noticed a skeletal warrior
  7416 | D:11     | Killed a skeletal warrior
  7442 | D:11     | Reached XP level 11. HP: 63/66 MP: 16/16
  7449 | D:11     | Found a staircase to the Lair.
  7519 | D:11     | Reached ***** piety under Makhleb
  7539 | D:11     | Noticed Urug
  7539 | D:11     | Noticed a manticore
  7956 | D:11     | M4edhros: speedrun?
  7975 | D:11     | Killed Urug
  8002 | D:11     | 4thArraOfDagon: hiiii
  8002 | D:11     | M4edhros: hi : )
  8002 | D:11     | 4thArraOfDagon: naa
  8037 | D:11     | M4edhros: is it better to just win games for turnament?
  8061 | D:11     | M4edhros: or make the best games with speedruns?
  8061 | D:11     | 4thArraOfDagon: yea
  8061 | D:11     | 4thArraOfDagon: speedruns are not worth it
  8065 | D:12     | M4edhros: oh! ring : )
  8073 | D:12     | M4edhros: why so?
  8081 | D:12     | Reached skill level 10 in Long Blades
  8131 | D:12     | Got a scintillating iron ring
  8142 | D:12     | Identified the ring "Zuroom" {rC+ Int+3 Dex+2} (You found it on level 12 of the Dungeon)
  8186 | D:12     | Noticed a six-headed hydra
  8205 | D:12     | Killed a six-headed hydra
  8228 | D:12     | Noticed an unseen horror
  8253 | D:12     | Killed an unseen horror
  8297 | D:12     | Noticed a deep elf mage
  8632 | D:12     | Found a white marble altar of Elyvilon.
  8730 | D:12     | Gained mutation: You are partially covered in slimy green scales (AC +2). [evolution]
  8730 | D:12     | Lost mutation: You evolve. [end of evolution]
  8753 | D:13     | Found a gate to the Vaults.
  8753 | D:13     | Noticed Norris
  8753 | D:13     | Noticed Donald
  8753 | D:13     | Noticed Rupert
  8961 | D:13     | Found a flagged portal.
  8970 | Bailey   | Entered a bailey
  9311 | Bailey   | Reached skill level 11 in Long Blades
  9324 | Bailey   | Got a faintly humming ring mail
  9442 | Bailey   | Identified the cursed +0 ring mail "Tyops" {+Blink rPois Dex+4} (You took it off a gnoll shaman in a bailey)
  9512 | D:13     | Reached XP level 12. HP: 73/73 MP: 15/18
  9520 | D:14     | Noticed a centaur warrior
  9854 | D:13     | Noticed a green death
  9990 | D:14     | Noticed a centaur warrior
 10306 | D:15     | Entered Level 15 of the Dungeon
 10351 | D:15     | Got a dull robe
 10369 | D:15     | Identified the +2 robe of Death Resistance {rPois MR- MP+9} (You found it on level 15 of the Dungeon)
 10481 | D:14     | Reached skill level 10 in Invocations
 10588 | D:14     | Noticed a sun demon
 10618 | D:14     | Reached skill level 12 in Long Blades
 10793 | D:14     | Noticed a centaur warrior
 10836 | D:14     | Killed a centaur warrior
 11020 | D:14     | Killed a centaur warrior
 11026 | D:14     | Noticed Frances
 11086 | D:13     | Killed Rupert
 11139 | D:13     | magipi: dragon hide?
 11197 | D:12     | magipi: mottled I mean
 11212 | D:12     | Reached XP level 13. HP: 76/80 MP: 19/19
 11219 | D:12     | 4thArraOfDagon: naah
 11219 | D:12     | 4thArraOfDagon: i prefer tla and ring mail
 11451 | D:11     | magipi: these smoke demons are good
 11494 | Orc:1    | Entered Level 1 of the Orcish Mines
 11508 | Orc:1    | Noticed an ettin
 11517 | Orc:1    | Killed an ettin
 11519 | Orc:1    | Reached skill level 13 in Long Blades
 11546 | Orc:1    | Paralysed by an orc sorcerer for 2 turns
 11568 | Orc:1    | Noticed an orc warlord
 11591 | Orc:1    | Killed an orc warlord
 11730 | Orc:1    | 4thArraOfDagon: meandros
 11730 | Orc:1    | 4thArraOfDagon: go win us some points :D
 11749 | Orc:2    | Entered Level 2 of the Orcish Mines
 11795 | Orc:2    | Noticed a stone giant
 11835 | Orc:1    | Noticed Snorg
 11846 | Orc:1    | Killed Snorg
 12090 | Orc:2    | Found Weireim's Antique Armour Shop.
 12107 | Orc:2    | Bought a runed cloak for 90 gold pieces
 12133 | Orc:2    | Found a radiant altar of Vehumet.
 12134 | Orc:2    | Noticed Erolcha
 12150 | Orc:2    | Killed Erolcha
 12169 | Orc:2    | M4edhros: hm?
 12173 | Orc:2    | Found Tias's Distillery.
 12176 | Orc:2    | M4edhros: yea : )
 12187 | Orc:2    | M4edhros: is it fine to finish games with around 100k?
 12188 | Orc:2    | M4edhros: or should i aim for 40k or so
 12189 | Orc:2    | 4thArraOfDagon: totally fine
 12189 | Orc:2    | M4edhros: (autoexplore or without? xom trick or without
 12189 | Orc:2    | M4edhros: ok
 12189 | Orc:2    | 4thArraOfDagon: first: focus on consistency
 12189 | Orc:2    | 4thArraOfDagon: so best would be having streak of high-scoring games
 12189 | Orc:2    | 4thArraOfDagon: around 50-70k
 12189 | Orc:2    | M4edhros: ok
 12189 | Orc:2    | M4edhros: thats totaly fine
 12189 | Orc:2    | 4thArraOfDagon: yea
 12197 | Orc:2    | Paralysed by an orc sorcerer for 2 turns
 12198 | Orc:2    | Reached skill level 1 in Evocations
 12203 | Orc:2    | Noticed Nergalle
 12247 | Orc:2    | Killed Nergalle
 12251 | Orc:2    | Found an ancient bone altar of Kikubaaqudgha.
 12266 | Orc:2    | Paralysed by an orc sorcerer for 3 turns
 12349 | Orc:2    | Paralysed by an orc sorcerer for 7 turns
 12353 | Orc:2    | Killed from afar by an orc sorcerer

Skill      XL: |  1  2  3  4  5  6  7  8  9 10 11 12 13 |
---------------+----------------------------------------+-----
Dodging        | 2 3 4 5 6 8 9 |  9.8
Hexes          | 1 2 |  2.8
Ice Magic      | 1 2 3 |  3.5
Spellcasting   | 1 2 |  2.0
Fighting       | 3 4 5 6 7 8 9 |  9.3
Long Blades    | 3 5 7 9 11 12 13 | 13.4
Invocations    | 1 4 6 7 9 10 11 | 11.2
Evocations     | 1 |  1.3
Short Blades   | |  2.1
Throwing       | |  2.0
Stealth        | |  4.0

Action                   |  1- 3 |  4- 6 |  7- 9 | 10-12 | 13-15 || total
-------------------------+-------+-------+-------+-------+-------++-------
Melee: Dagger            |    89 |    68 |   259 |    12 |       ||   428
       Peck              |    13 |     7 |    71 |   225 |    55 ||   371
       Kick              |    14 |    26 |   116 |   404 |    80 ||   640
       Long sword        |       |       |    30 |       |       ||    30
       Short sword       |       |       |       |   423 |       ||   423
       Scimitar          |       |       |       |   556 |   194 ||   750
       Great sword       |       |       |       |    10 |       ||    10
 Fire: Blowgun           |    25 |    31 |    42 |       |       ||    98
 Cast: Confuse           |       |     4 |    13 |     1 |       ||    18
       Ensorcelled Hiber |       |     3 |    47 |    61 |       ||   111
Invok: Lesser Servant of |       |       |     2 |    31 |    17 ||    50
       Minor Destruction |       |       |       |    10 |     2 ||    12
       Greater Servant o |       |       |       |     2 |       ||     2
 Abil: Fly               |       |       |       |     3 |       ||     3
Evoke: Wand              |       |       |     2 |     1 |     1 ||     4
  Use: Scroll            |     4 |     4 |     7 |    18 |     2 ||    35
       Potion            |     1 |     1 |    11 |     4 |     1 ||    18
 Stab: Sleeping          |     6 |     8 |    22 |    29 |       ||    65
       Confused          |       |     2 |     2 |       |       ||     4
       Distracted        |       |       |     2 |    10 |     6 ||    18
       Invisible         |       |       |       |     1 |       ||     1
  Eat: Chunk             |     3 |     2 |    24 |    16 |     6 ||    51
       Pizza             |       |     1 |       |     2 |       ||     3
       Fruit             |       |       |     1 |     6 |       ||     7
Armor: Robe              |    14 |    10 |    45 |    95 |       ||   164
       Skin              |     3 |     5 |    13 |       |       ||    21
       Ring mail         |       |       |       |    66 |    40 ||   106
Dodge: Dodged            |    52 |    31 |   214 |   919 |   169 ||  1385
